 Dungeon Crawl Stone Soup version 0.26-a0-695-g987792ac36 (webtiles) character file.

Game seed: 17463229720838822406

67 marklar909 the Chopper (level 4, -6/41 HPs)
             Began as a Hill Orc Monk on Oct 26, 2020.
             Mangled by an ogre
             ... wielding a +0 giant club
              (10 damage)
             ... on level 3 of the Dungeon.
             The game lasted 00:02:51 (2429 turns).

marklar909 the Chopper (Hill Orc Monk)              Turns: 2429, Time: 00:02:52

Health: -6/41      AC:  5    Str: 14    XL:     4   Next: 16%
Magic:  4/4        EV: 11    Int: 10    God:
Gold:   109        SH:  0    Dex: 13    Spells: 3/3 levels left

rFire    . . .     SeeInvis .   a - +0 hand axe
rCold    . . .     Faith    .   (no shield)
rNeg     . . .     Spirit   .   o - +0 ring mail (curse)
rPois    .         Reflect  .   (no helmet)
rElec    .         Harm     .   (no cloak)
rCorr    .         Rampage  .   (no gloves)
MR       .....                  (no boots)
Stlth    +.........             d - amulet of magic regeneration
HPRegen  0.13/turn              (no ring)
MPRegen  0.34/turn              (no ring)

@: no status effects
A: no striking features
a: no special abilities


You were on level 3 of the Dungeon.
You visited 1 branch of the dungeon, and saw 3 of its levels.

You collected 109 gold pieces.

Inventory:

Hand Weapons
 a - a +0 hand axe (weapon)
Armour
 o - a cursed +0 ring mail (worn)
Jewellery
 d - an amulet of magic regeneration (around neck)
Scrolls
 c - a scroll of fear
 e - a scroll of blinking {unknown}
 f - a scroll of remove curse
 g - a scroll of amnesia {unknown}
 h - a scroll of teleportation {unknown}
 n - a scroll of enchant weapon {unknown}
Potions
 b - a potion of degeneration {unknown}
 j - a potion of invisibility {unknown}
 l - 2 potions of brilliance


   Skills:
 + Level 4.6 Fighting
 + Level 4.7 Axes
 + Level 0.6 Armour
 + Level 2.8 Dodging
 + Level 1.8 Stealth


You had 3 spell levels left.
You didn't know any spells.
Your spell library was empty.

Dungeon Overview and Level Annotations

Branches:
Dungeon (3/15)

Altars:


Message History

Ouch! That really hurt!
You are too injured to fight recklessly!
You are too injured to fight recklessly!
You hit the ogre.
The ogre is almost dead.
The ogre hits you with a +0 giant club!
* * * LOW HITPOINT WARNING * * *
Unknown command.
Items here: )) [ ††.
There is a stone staircase leading up here.
You feel better. The ogre closely misses you.
You hit the ogre.
The ogre is almost dead.
The ogre hits you with a +0 giant club!
* * * LOW HITPOINT WARNING * * *
Unknown command.
You hit the ogre.
The ogre is almost dead.
The ogre hits you with a +0 giant club!
You die...

....# ....#
....# ....#
....#
#########....#
#............#
#.######.....#
#.##@..#.....+
#.##O..#.....#
#.##)[.#.#.###
#.##..##.#...
###.###.##.#####
#.......#...
############


You could see an ogre.

Vanquished Creatures
  2 adders (D:2)
  An ooze (D:2)
  2 dart slugs (D:2)
  2 leopard geckos (D:2)
  An orc (D:3)
  A ball python (D:1)
  3 giant cockroaches (D:2)
  3 goblins (D:1)
  7 hobgoblins
  A quokka (D:2)
  4 bats
  A frilled lizard (D:2)
  4 kobolds
  4 rats
36 creatures vanquished.

Notes
Turn   | Place    | Note
-------+----------+-------------------------------------------
     0 | D:1      | marklar909 the Hill Orc Monk began the quest for the Orb.
     0 | D:1      | Reached XP level 1. HP: 19/19 MP: 1/1
   374 | D:1      | Reached XP level 2. HP: 21/27 MP: 2/2
  1127 | D:2      | Reached XP level 3. HP: 25/34 MP: 3/3
  1964 | D:2      | Reached XP level 4. HP: 41/41 MP: 4/4
  2398 | D:3      | Noticed an ogre
  2429 | D:3      | Mangled by an ogre

Illustrated notes

Levels and vault maps discovered:
D:1:      minmay_arrival_diagonal_passages, layout_rooms
D:2:      layout_rooms, minmay_misc_feat_secret_circle
D:3:      minmay_chambers_of_threes, layout_basic, kennysheep_okawaru_gauntlet,
          uniq_robin

Skill      XL: |  1  2 |
---------------+-------+-----
Fighting       | 4 |  4.6
Axes           | |  4.7
Armour         | |  0.6
Dodging        | |  2.8
Stealth        | |  1.8

Action                   |  1- 3 |  4- 6 || total
-------------------------+-------+-------++-------
Melee: Hand axe          |   122 |    32 ||   154
  Use: Scroll            |     4 |     2 ||     6
       Potion            |       |     1 ||     1
 Stab: Sleeping          |     2 |       ||     2
Armor: Robe              |    16 |       ||    16
       Leather armour    |     9 |       ||     9
       Ring mail         |       |     6 ||     6
Dodge: Dodged            |   113 |    12 ||   125

Table legend: (Time is in decaauts)
 A = Elapsed time spent in this place.
 B = Non-inter-level travel time spent in this place.
 C = Inter-level travel time spent in this place.
 D = Time resting spent in this place.
 E = Time spent auto-exploring this place.
 F = Levels seen in this place.
 G = Mean time per level.
                   A        B        C        D        E       F      G
               +--------+--------+--------+--------+--------+-----+--------+
         Total |   2441 |   2283 |    158 |    795 |   1076 |   3 |  813.7 |
       Dungeon |   2441 |   2283 |    158 |    795 |   1076 |   3 |  813.7 |
               +--------+--------+--------+--------+--------+-----+--------+

Top non-repeatable levels by time:
     D:1: 1547 daAuts
     D:2: 736 daAuts
     D:3: 158 daAuts
